 Dungeon Crawl Stone Soup version 0.19.0-2-gae57169 (webtiles) character file.

127 Jerry the Covered (level 5, -2/41 HPs)
             Began as a Formicid Fighter on Nov 7, 2016.
             Slain by a gnoll
             ... wielding a +0 halberd
              (11 damage)
             ... on level 3 of the Dungeon.
             The game lasted 00:06:12 (1929 turns).

Jerry the Covered (Formicid Fighter)                Turns: 1929, Time: 00:06:12

Health: -2/41      AC:  7    Str: 20    XL:     5   Next: 33%
Magic:  5/5        EV: 14    Int:  8    God:
Gold:   161        SH:  0    Dex: 16    Spells: 0 memorised, 4 levels left

rFire  . . .     SeeInvis +     g - +2 dagger (venom)
rCold  . . .     Gourm    .     b - +0 scale mail
rNeg   . . .     Faith    .     (no shield)
rPois  .         Spirit   .     (helmet unavailable)
rElec  .         Reflect  .     (no cloak)
rCorr  .         Harm     .     (no gloves)
MR     .....                    (no boots)
Stlth  ..........               (no amulet)
                                (no ring)
                                (no ring)

@: confused, agile
A: permanent stasis, dig shafts and tunnels, four strong arms, antennae 3
a: Dig, Shaft Self


You were on level 3 of the Dungeon.
You were not hungry.

You visited 1 branch of the dungeon, and saw 3 of its levels.

You collected 161 gold pieces.

Inventory:

Hand Weapons
 a - a +0 long sword
 g - a +2 dagger of venom (weapon)
Armour
 b - a +0 scale mail (worn)
 c - a +0 shield
Jewellery
 p - a cursed ring of teleportation {unknown}
 y - an uncursed ring of ice {unknown}
Scrolls
 j - a scroll of enchant weapon {unknown}
 m - 2 scrolls of remove curse {unknown}
 n - a scroll of recharging {unknown}
 o - a scroll of teleportation {unknown}
 r - 3 scrolls of identify {unknown}
 s - a scroll of noise {unknown}
 t - a scroll of enchant armour {unknown}
 v - a scroll of amnesia {unknown}
 w - a scroll of fog {unknown}
 x - 2 scrolls of random uselessness {unknown}
Potions
 d - a potion of might
 e - a potion of agility
 i - a potion of beneficial mutation {unknown}
 k - a potion of lignification {unknown}
 q - 2 potions of berserk rage {unknown}
 A - a potion of heal wounds {unknown}
 B - a potion of curing {unknown}
Comestibles
 f - 3 bread rations
 h - 6 fruits
 l - 2 beef jerkies
 u - 2 slices of pizza


   Skills:
 - Level 3.4 Fighting
 + Level 3.1 Long Blades
 * Level 4.8 Armour
 + Level 4.4 Shields


You had 4 spell levels left.
You didn't know any spells.

Dungeon Overview and Level Annotations

Branches:
Dungeon (3/15)

Altars:


Innate Abilities, Weirdness & Mutations

You are under a permanent stasis effect.
You can dig through walls and to a lower floor.
Your four strong arms can wield two-handed weapons with a shield.
You have a pair of large antennae on your head. (SInv)


Message History

The gnoll shouts!
The orc wizard mumbles some strange words.
The gnoll hits you from afar with a halberd!
The orc wizard gestures wildly while chanting.
The gnoll hits you from afar with a halberd.
The gnoll hits you from afar with a halberd.
The orc closely misses you.
The orc wizard gestures wildly while chanting.
The goblin shouts!
You feel less confused.
The orc wizard casts a spell.
The orc zaps a wand.
You are confused.
The gnoll hits you from afar with a halberd.
* * * LOW HITPOINT WARNING * * *
The gnoll closely misses you.
It was a potion of agility.
You feel agile all of a sudden.
The gnoll hits you from afar with a halberd!
You die...

# ####†####.# ## ######
#...(.....# .#####...##.
#...g.....# .##.....###..
#.........# ........# #...
#(........# ..#.#####
#....###g........# ....####
#......g(........#
.#.....###.....##ogo.......#
.#..##.#.......#@o###.######
...###.#.####....##...#######
##........#...........#.....##
#####.#.....................##
#.†........(.............#
##.#..<..................#
#..#.(...(...............#
#.##.(...................#
#####.##.....................#


You could see an orc wizard, 3 gnolls, 2 orcs and a goblin.

Vanquished Creatures
  5 adders
  An ooze (D:1)
  A worm (D:3)
  3 dart slugs
  2 leopard geckos (D:2)
  7 bats
  A giant cockroach (D:3)
  8 goblins
  11 hobgoblins
  5 jackals
  3 quokkas
  4 frilled lizards
  8 kobolds
  9 rats
68 creatures vanquished.

Notes
Turn   | Place    | Note
-------+----------+-------------------------------------------
     0 | D:1      | Jerry the Formicid Fighter began the quest for the Orb.
     0 | D:1      | Reached XP level 1. HP: 18/18 MP: 1/1
    43 | D:1      | Reached XP level 2. HP: 23/24 MP: 2/2
   379 | D:1      | Reached XP level 3. HP: 29/29 MP: 3/3
   801 | D:2      | Reached XP level 4. HP: 30/35 MP: 4/4
  1483 | D:3      | Reached XP level 5. HP: 37/41 MP: 5/5
  1929 | D:3      | Slain by a gnoll

Skill      XL: |  1  2  3  4  5 |
---------------+----------------+-----
Shields        | 4 |  4.4
Armour         | 4 |  4.8
Long Blades    | 3 |  3.1
Fighting       | |  3.4

Action                   |  1- 3 |  4- 6 || total
-------------------------+-------+-------++-------
Melee: Long sword        |    14 |       ||    14
       Dagger            |    66 |   113 ||   179
  Use: Potion            |       |     1 ||     1
  Eat: Chunk             |       |     3 ||     3
Armor: Scale mail        |    26 |    46 ||    72
Dodge: Dodged            |    28 |    70 ||    98
Block: Shield            |     3 |       ||     3
       Rpst.: Long sword |     1 |       ||     1
